 Dungeon Crawl Stone Soup version 0.31-a0-83-gbff143cfd1 (webtiles) character file.

Game seed: 8223614923569040393

2646728 MackTheKnife the Warrior (level 20, 252/252 HPs)
             Began as a Minotaur Delver on May 24, 2023.
             Was the Champion of Jiyva.
             Escaped with the Orb
             ... and 3 runes!
             The game lasted 00:54:14 (27524 turns).

MackTheKnife the Warrior (Minotaur Delver)         Turns: 27524, Time: 00:54:14

Health: 252/252    AC: 43    Str: 27 (31) XL:     20   Next: 75%
Magic:  19/19      EV: 19    Int: 22 (25) God:    Jiyva [******]
Gold:   1506       SH: 21    Dex: 14 (18) Spells: 19/19 levels left

rFire   + . .        a - +10 war axe of Jotucs {vamp, Str+3 Int+4, axe}
rCold   + + +        F - +0 tower shield
rNeg    . . .        W - +7 chain mail "Tops" {rPois rF+ Str+4}
rPois   +            S - +3 hat of the Big Bang {Int+6 SInv}
rElec   +            D - +2 cloak
rCorr   +            s - +1 pair of gloves {Dex+3}
SInv    +            Q - +2 pair of boots {Fly}
Will    +++..        Z - amulet "Riabiahie" {Acrobat rElec rPois} Stlth
                     T - ring of Muekhlia {rElec rCorr EV+5 Str+5 Stlth-}
HPRegen 2.22/turn    V - ring of the Tortoise {AC+8}
MPRegen 0.66/turn

%: acrobat
@: flying, hasted (expiring), very quick
A: horns 2, retaliatory headbutt, hooves 1, clever 2, cold resistance 3,
strong-willed 2, robust 3, eyeballs 1, translucent skin 2, jelly sensing items,
inability to read after injury 1
0: Orb of Zot
}: 3/15 runes: barnacled, slimy, gossamer
a: Renounce Religion, Oozemancy, Slimify


You escaped.
You worshipped Jiyva.
Jiyva was exalted by your worship.
You visited 10 branches of the dungeon, and saw 47 of its levels.
You also visited: Ossuary, Bailey and Ice Cave.

You collected 2833 gold pieces.
You spent 1327 gold pieces at shops.


Innate Abilities, Weirdness & Mutations

You have a pair of horns on your head.
You reflexively headbutt those who attack you in melee.
You have large cloven feet.
Your mind is very acute. (Int +8, Str/Dex -2)
Your flesh is almost immune to the effects of cold. (rC+++)
You are highly strong-willed. (Will++)
You are extremely robust. (+30% HP)
Your body has grown eyes which may confuse attackers. (Acc +3)
Your translucent skin reduces your foes' accuracy. (Stealth+)
You have a small jelly attached to you that senses nearby items.
You occasionally lose the ability to read scrolls when taking damage.


   Skills:
 + Level 20.3 Fighting
 - Level 18.2(19.6) Axes
 - Level 12.2(16.7) Maces & Flails
 + Level 19.7 Armour
 + Level 12.9 Dodging
 - Level 4.1 Stealth
 + Level 19.9 Shields
 - Level 13.8 Evocations


You had 19 spell levels left.
You didn't know any spells.
Your spell library contained the following spells:

 Spells                   Type           Power      Damage    Failure   Level
 Foxfire                  Conj/Fire      0%         2x1d4     56%         1
 Shock                    Conj/Air       0%         1d3       56%         1
 Slow                     Hex            0%         N/A       56%         1
 Sting                    Tmut/Pois      0%         1d3       56%         1
 Ensorcelled Hibernation  Hex/Ice        0%         N/A       71%         2
 Sublimation of Blood     Necr           0%         N/A       71%         2
 Call Canine Familiar     Summ           0%         N/A       90%         3
 Confusing Touch          Hex            0%         N/A       90%         3
 Dazzling Flash           Conj/Hex       0%         N/A       90%         3
 Inner Flame              Hex/Fire       0%         N/A       90%         3
 Ozocubu's Armour         Ice            0%         N/A       90%         3
 Portal Projectile        Hex/Tloc       0%         N/A       90%         3
 Spider Form              Tmut/Pois      0%         N/A       90%         3
 Swiftness                Air            0%         N/A       90%         3
 Tukima's Dance           Hex            0%         N/A       90%         3
 Vampiric Draining        Necr           0%         2d6       90%         3
 Airstrike                Air            0%         2d(0-16)  100%        4
 Anguish                  Hex/Necr       0%         N/A       100%        4
 Animate Dead             Necr           0%         N/A       100%        4
 Leda's Liquefaction      Hex/Erth       0%         N/A       100%        4
 Summon Lightning Spire   Summ/Air       0%         N/A       100%        4
 Alistair's Intoxication  Tmut/Pois      0%         N/A       100%        5
 Blade Hands              Tmut           0%         N/A       100%        5
 Fireball                 Conj/Fire      0%         3d3       100%        5
 Metabolic Englaciation   Hex/Ice        0%         N/A       100%        5
 Yara's Violent Unravell  Hex/Tmut       0%         3d3       100%        5
 Plasma Beam              Fire/Air       0%         2x1d11    100%        6
 Starburst                Conj/Fire      0%         6d3       100%        6
 Enfeeble                 Hex            0%         N/A       100%        7
 Haunt                    Necr/Summ      0%         N/A       100%        7
 Malign Gateway           Summ/Tloc      0%         N/A       100%        7
 Ozocubu's Refrigeration  Ice            0%         4d7       100%        7
 Storm Form               Tmut/Air       0%         N/A       100%        7
 Infestation              Necr           0%         N/A       100%        8
 Maxwell's Capacitive Co  Air            0%         โˆž       100%        8
 Necromutation            Tmut/Necr      0%         N/A       100%        8
 Summon Horrible Things   Summ           0%         N/A       100%        8
 Death's Door             Necr           0%         N/A       100%        9

Inventory:

Hand Weapons
 a - the +10 war axe of Jotucs (weapon) {vamp, Str+3 Int+4, axe}
   (You found it on level 3 of the Lair of Beasts)

   Str:       It affects your strength (+3).
   Int:       It affects your intelligence (+4).
 b - the +8 war axe of Qedd {antimagic, Dex+2, axe}
   (You bought it in a shop on level 10 of the Dungeon)

   Dex:       It affects your dexterity (+2).
Armour
 r - a scarf of resistance
   (You found it on level 1 of the Dungeon)
 s - a +1 pair of gloves of dexterity (worn)
   (You found it in an ice cave)
 D - a +2 cloak (worn)
   (You found it on level 7 of the Dungeon)
 F - a +0 tower shield (worn)
   (You found it on level 7 of the Dungeon)
 N - a +2 cloak
   (You took it off a draconian knight on level 1 of the Realm of Zot)
 Q - a +2 pair of boots of flying (worn)
   (You found it on level 4 of the Spider Nest)
 S - the +3 hat of the Big Bang (worn) {Int+6 SInv}
   (You found it on level 4 of the Spider Nest)

   Int:       It affects your intelligence (+6).
   SInv:      It lets you see invisible.
 W - the +7 chain mail "Tops" (worn) {rPois rF+ Str+4}
   (You found it on level 5 of the Pits of Slime)

   Str:       It affects your strength (+4).
   rF:        It protects you from fire.
   rPois:     It protects you from poison.
Jewellery
 J - the ring of Knowledge {rC+ Str+3 Int-5 Dex+6}
   (You found it on level 5 of the Pits of Slime)

   [ring of protection from cold]

   Str:       It affects your strength (+3).
   Int:       It affects your intelligence (-5).
   Dex:       It affects your dexterity (+6).
   rC:        It protects you from cold.
 O - a ring of willpower
   (You found it in a bailey)
 T - the ring of Muekhlia (left hand) {rElec rCorr EV+5 Str+5 Stlth-}
   (You took it off a merfolk impaler on level 1 of the Shoals)

   [ring of evasion]

   EV:        It affects your evasion (+5).
   Str:       It affects your strength (+5).
   rElec:     It insulates you from electricity.
   rCorr:     It protects you from acid and corrosion.
   Stlth:     It makes you less stealthy.
 V - the ring of the Tortoise (right hand) {AC+8}
   (You found it on level 5 of the Pits of Slime)

   [ring of protection]

   AC:        It affects your AC (+8).
 Z - the amulet "Riabiahie" (around neck) {Acrobat rElec rPois}
   (You bought it in a shop on level 2 of the Orcish Mines)

   [amulet of the acrobat]

   It increases your evasion while moving and waiting.
   rElec:     It insulates you from electricity.
   rPois:     It protects you from poison.
Wands
 g - a wand of digging (3)
 i - a wand of acid (3)
   (You took it off a centaur on level 7 of the Dungeon)
 p - a wand of charming (16)
   (You found it on level 5 of the Lair of Beasts)
 v - a wand of polymorph (5)
   (You found it on level 4 of the Shoals)
 C - a wand of flame (22)
   (You found it on level 7 of the Dungeon)
 E - a wand of roots (23)
   (You found it on level 7 of the Dungeon)
 X - a wand of mindburst (18)
   (You found it on level 5 of the Lair of Beasts)
Scrolls
 c - 9 scrolls of fog
 e - 5 scrolls of fear
 j - 4 scrolls of enchant armour
 n - 2 scrolls of immolation {!r!r}
 o - a scroll of summoning
 w - 2 scrolls of silence {!r}
 y - 4 scrolls of poison {!r}
 A - 12 scrolls of teleportation {@r4}
 H - 5 scrolls of vulnerability {!r!r}
 M - 2 scrolls of enchant weapon
 U - a scroll of brand weapon
Potions
 f - 2 potions of haste {@q3}
 h - 6 potions of mutation {!q}
 k - 3 potions of invisibility
 l - 5 potions of ambrosia
 m - 3 potions of enlightenment
 q - 9 potions of curing {@q1}
 t - 5 potions of lignification {!q}
 u - 3 potions of magic
 z - 4 potions of heal wounds {@q2}
 B - 3 potions of attraction {!q}
 G - 3 potions of brilliance
 I - a potion of berserk rage {!q}
 K - 2 potions of resistance
 L - a potion of might
 R - a potion of cancellation
Miscellaneous
 x - a phantom mirror
   (You found it on level 4 of the Spider Nest)
 P - a phial of floods
   (You found it on level 1 of the Shoals)

Dungeon Overview and Level Annotations

Branches:
Dungeon (15/15)            Temple (1/1) D:6            Lair (5/5) D:9
 Shoals (4/4) Lair:2       Spider (4/4) Lair:2        Slime (5/5) Lair:5
    Orc (2/2) D:11            Elf (0/3) Orc:2        Vaults (2/5) D:13
 Depths (4/4) D:15            Zot (5/5) Depths:4    Ossuary (visited)
 Bailey (visited)           IceCv (visited)
  Crypt: Vaults:2-3

Altars:
Ashenzari
Cheibriados
Dithmenos
Elyvilon
Fedhas
Gozag
Hepliaklqana
Kikubaaqudgha
Makhleb
Nemelex Xobeh
Okawaru
Qazlal
Ru
Sif Muna
Trog
Uskayaw
Vehumet
Wu Jian
Xom
Yredelemnul
The Shining One
Jiyva
Lugonu

Shops:
D:7 **(*[   D:9 =   D:10 ([((:   D:13 *   Orc:2 =!!!   Shoals:1 *(=
Shoals:3 ?(   Shoals:4 !

Portals:
Abyss: Lair:5 Depths:2 Depths:3
Trove: D:12 (give 7 potions of haste)

Annotations:
D:14 2 transporters
Lair:4 2 transporters
Shoals:4 Polyphemus
Slime:5 Royal Jelly
Zot:5 1 runed translucent door, exclusion: 2 upstairs, toffzen's ghost, veteran MiBe

#.#......###.8.......8.###
#
#........#...............#
#
####.##.##.8..#######..8.#
#.##.##....#hlhls#....#
#.....#.8..#######..8.#
#.#####...............#
##.## ###.............#
#...# ##########....#
##..# #@........### ##.#
####################
####.#
#..............รท...#
#....#
#......^.####...##.#
#.####
#........##.....##.# #.#
########.##.#..###.# #.#
####### #.......###.# #.#
#.....# ####.#......# #.#
#.###.# #.########


There were no monsters in sight!


Message History

A soul eater comes into view.
The soul eater moves out of view.
A tormentor comes into view.
There is a stone staircase leading up here.
Unknown command.
You slash the tormentor!
You headbutt the tormentor, but do no damage.
You hit the tormentor but do no damage. You block the tormentor's attack. x2
You closely miss the tormentor. Your headbutt misses the tormentor.
The tormentor barely misses you. You furiously retaliate!
You headbutt the tormentor! You block the tormentor's attack.
You hit the tormentor. The tormentor completely misses you.
You block the tormentor's attack.
You slash the tormentor!
You kill the tormentor!
You fly upwards.
An Orb Guardian comes into view.
There is a stone staircase leading down here.
You hit the Orb Guardian but do no damage.
Your headbutt misses the Orb Guardian. You block the Orb Guardian's attack.
You miss the Orb Guardian. You headbutt the Orb Guardian.
You block the Orb Guardian's attack.
You slice the Orb Guardian!! You block the Orb Guardian's attack.
You slice the Orb Guardian!! You block the Orb Guardian's attack.
A red devil comes into view. It is wielding a +0 trident.
You hit the Orb Guardian but do no damage.
You block the Orb Guardian's attack.
You slash the Orb Guardian! Your headbutt misses the Orb Guardian.
You block the Orb Guardian's attack.
You slice the Orb Guardian!!
You kill the Orb Guardian!
Your life force feels restored.
You now have 252 max hp (+2).
You block the red devil's attack. ๐Ÿ˜Ž HP[+2]
Your hp is fully restored (252).
You slice the red devil!! You headbutt the red devil.
You block the red devil's attack.
You slice the red devil!!
You kill the red devil!
No target in view!
(D) Dungeon (T) Temple (L) Lair (A) Shoals (N) Spider Nest (M) Slime Pits (O) Orcish Mines (E) Elven Halls (V) Vaults (U) Depths (Z) Zot
Where to? (Enter - D:1, ? - help)
What level of the Dungeon? (default 1, ? - help)
You hear a distant slurping noise.
There is a stone staircase leading up here.
You fly upwards.
There is a stone staircase leading down here.
There is a stone staircase leading up here.
You fly upwards.
There is a stone staircase leading down here.
A demonspawn blood saint, a blizzard demon and a demonspawn corrupter come into view.
The demonspawn blood saint is wielding a +0 dagger and wearing a +1 robe of fire resistance.
The blizzard demon shouts!
The blizzard demon waves its arms in wide circles.
The air twists around and strikes you.
The demonspawn corrupter attacks as you move away!
You block the demonspawn corrupter's attack.
The demonspawn corrupter barely misses you.
The demonspawn corrupter attacks as you move away!
You block the demonspawn corrupter's attack. x2
The demonspawn corrupter invokes the aid of Lugonu against you.
Something hits the blizzard demon.
The blizzard demon is splashed with acid.
The acid corrodes the blizzard demon!
The demonspawn corrupter mumbles some strange prayers to Lugonu against you.
The entropic weave corrodes you!
The blizzard demon hits something!
The blizzard demon is burned by acid!
The blizzard demon hits something.
The blizzard demon shouts!
The demonspawn corrupter invokes the aid of Lugonu against you.
The entropic weave corrodes you!
You feel yourself speed up.
You swap places.
The demonspawn corrupter calls forth creatures from the Abyss!
There is a stone staircase leading up here.
You fly upwards.
There is a stone staircase leading down here.
(D) Dungeon (T) Temple (L) Lair (A) Shoals (N) Spider Nest (M) Slime Pits (O) Orcish Mines (E) Elven Halls (V) Vaults (U) Depths (Z) Zot
Where to? (Enter - D:1, ? - help)
What level of the Dungeon? (default 1, ? - help) You're already here!
(D) Dungeon (T) Temple (L) Lair (A) Shoals (N) Spider Nest (M) Slime Pits (O) Orcish Mines (E) Elven Halls (V) Vaults (U) Depths (Z) Zot
Where to? (Enter - D:1, ? - help)
Okay, then.
An orange demon comes into view.
You hear a distant slurping noise.
You hear a series of splatters.
The wolf howls!
The komodo dragon hisses angrily.
The black bear growls angrily.
The wyvern hisses angrily.
Your extra speed is starting to run out.
You are no longer corroded.
There is a staircase leading out of the dungeon here.
Unknown command.
You have escaped!

Skill      XL: |  1  2  3  4  5  6  7  8  9 10 11 12 13 14 15 16 17 18 19 20 |
---------------+-------------------------------------------------------------+-----
Fighting       | 4 5 6 7 8 9 12 14 17 18 19 20 | 20.3
Axes           | 3 4 5 6 7 8 10 13 14 17 18 | 18.2
Armour         | 3 5 7 12 14 16 17 18 19 | 19.7
Maces & Flails | 6 11 12 | 12.2
Dodging        | 3 8 9 11 12 | 12.9
Shields        | 9 10 12 14 16 17 18 19 | 19.9
Evocations     | 8 13 | 13.8
Stealth        | |  4.1

Action                     |  1- 3 |  4- 6 |  7- 9 | 10-12 | 13-15 | 16-18 | 19-21 || total
---------------------------+-------+-------+-------+-------+-------+-------+-------++-------
  Melee: Hand axe          |    39 |   144 |    70 |       |       |       |       ||   253
         Headbutt          |     4 |    31 |    51 |    94 |   187 |   336 |   242 ||   945
         Punch             |       |     1 |     5 |     1 |       |       |       ||     7
         Whip              |       |       |   181 |   227 |     4 |       |    13 ||   425
         War axe           |       |       |       |   196 |   778 |  1275 |   684 ||  2933
         Kick              |       |       |       |    57 |   118 |       |       ||   175
         Bite              |       |       |       |       |    13 |    73 |    97 ||   183
 Invoke: Slimify           |       |       |     2 |     2 |     1 |       |       ||     5
         Oozemancy         |       |       |       |     1 |       |     2 |     2 ||     5
  Evoke: Wand              |       |       |       |     9 |     2 |       |     4 ||    15
    Use: Scroll            |       |       |     4 |     9 |     7 |     8 |     9 ||    37
         Potion            |       |       |       |       |       |     2 |    11 ||    13
   Stab: Sleeping          |     2 |     1 |       |       |     4 |     1 |       ||     8
         Confused          |       |       |       |     3 |    44 |    43 |    23 ||   113
         Distracted        |       |       |       |       |       |     2 |       ||     2
         Paralysed         |       |       |       |       |       |     1 |       ||     1
         Petrifying        |       |       |       |       |       |     1 |       ||     1
 Armour: Leather armour    |    12 |     7 |       |       |       |       |       ||    19
         Plate armour      |       |    79 |   153 |    80 |       |       |       ||   312
         Fire dragon scale |       |       |       |    31 |    28 |       |       ||    59
         Chain mail        |       |       |       |       |   216 |   391 |   172 ||   779
  Dodge: Dodged            |    28 |    42 |    97 |   108 |   282 |   604 |   321 ||  1482
  Block: Tower shield      |       |       |       |   196 |   667 |  1505 |   656 ||  3024

Levels and vault maps discovered:
D:1:      onia_arrival_zoo_common, layout_loops_cross,
          shapermc_ecumenical_altar_mp_urbaneastern, st_stairs_3,
          minmay_tetromino_l2
D:2:      layout_loops_ring, nicolae_concentric_dashed_squares_wild,
          uniq_natasha
D:3:      layout_basic, fedhas_altar_fruit_tree, mainiacjoe_overflow_paths
D:4:      layout_cave_pools, uniq_duvessa
D:5:      layout_cave_pools
D:6:      layout_rooms, grunt_temple_overflow_open, minmay_temple_entry_oklob,
          serial_curves, eino_curves_03, eino_curves_02, eino_curves_03,
          eino_curves_04
D:7:      minmay_chambers_of_sixes, layout_loops_corners, serial_shops,
          nicolae_shop_window_shopping, nicolae_shop_statue_plus, shop,
          kennysheep_mini_moat, shop, uniq_menkaure
D:8:      layout_loops_cross, grunt_dithmenos_smoke, enter_ossuary_1,
          grunt_ministairs_14, minivault_14
D:9:      layout_rooms, ashenzari_altar_1, nicolae_overflow_quartered_altars,
          dpeg_lair_monsters, serial_shops, nicolae_inconvenience_store,
          abandoned_shop, billiards_dpeg
D:10:     layout_loops_ring, cheibriados_altar_1, enter_bailey_2, serial_shops,
          nicolae_shop_statue_plus, shop, kennysheep_mini, shop,
          nicolae_shop_waterfront, minmay_three_doors
D:11:     layout_rooms, orc_david_3
D:12:     layout_gridville, enter_trove_3
D:13:     layout_grid_maze, ximxim_vaults_locker_room, guppyfry_shop_earth,
          uniq_kirke, uniq_maurice
D:14:     gammafunk_worm_tunnel, layout_irregular_city, old_standard_altar,
          st_stairs_9
D:15:     hangedman_depths_entry_civil_slaughter, layout_long_grid, minivault_23
Temple:   corrupted_temple
Lair:1:   layout_roguey, grunt_megastairs_5
Lair:2:   layout_small_grid, shoals_dummy_entry, spider_nest_entry_webs
Lair:3:   layout_hall_layers, minmay_lindwurm_lava
Lair:4:   gammafunk_boulding_lane, layout_hall_layers, nicolae_lair_lil_pond,
          lemuel_centaur_altar
Lair:5:   hellmonk_lair_end_abyssal_woods, layout_misc_corridors, slime_entry_1,
          basic_altar, gauntlet_entry_generic, chequers_serial_rivers_small_b
Shoals:1: dreamdust_from_the_deep, layout_shoals, serial_shops, shop,
          minmay_shop_mayhem, nicolae_take_the_stairs
Shoals:2: nicolae_shoals_deep_elves_summer_vacation, layout_shoals,
          nicolae_shoals_pincushion_passage
Shoals:3: cheibrodos_shoals_satyrical_garden, layout_shoals, serial_shops,
          nicolae_shop_bloodbath_and_beyond, nicolae_shop_window_shopping
Shoals:4: shoals_end_grunt_garden, layout_shoals, serial_shops, shop,
          nicolae_shoals_isolated_beach, uniq_polyphemus
Spider:1: layout_cave_pods
Spider:2: layout_chambers, hangedman_stitches_earthworm, uniq_agnes
Spider:3: layout_spider_delve, portal_ice_cave_entry_dragon,
          spiders_nest_spider_trap
Spider:4: hellmonk_spider_rune_endless_swarm, ebering_ghost_xom,
          nicolae_spider_not_touching_you, hangedman_spider_tarantella_strand
Slime:1:  layout_caves, cheibrodos_slime_lost_civilization_6
Slime:2:  layout_caves
Slime:3:  nicolae_slime_jelly_donut, layout_caves
Slime:4:  layout_caves, nicolae_slime_crime_time
Slime:5
Orc:1:    layout_diamond_mine, uniq_erica
Orc:2:    st_orc_open, layout_caves
Vaults:1: nicolae_vaults_taking_the_gang_shopping, nicolae_vaults_puzzle_piece,
          nicolae_vaults_variable_pillar_hall, nicolae_vaults_display_case,
          nicolae_vaults_more_shelving_2, vaults_room_hallway,
          ontoclasm_vaults_loading_screen, vaults_room_fancy_cross,
          nicolae_vaults_storage_room_glass, v_misc_29,
          nicolae_vaults_yaktaur_gun_rack, nicolae_vaults_alarming,
          layout_vaults_omnibox, uniq_aizul
Vaults:2: nicolae_vaults_know_your_exits, grunt_vaults_hallway_long,
          nicolae_vaults_arrows, v_alt_pattern_6,
          hangedman_vaults_corner_blocks, vaults_dpeg_hooks, v_misc_9,
          ontoclasm_vaults_fault, ontoclasm_vaults_shuriken,
          nicolae_vaults_ring_of_whatevers, vaults_dpeg_doors,
          nicolae_vaults_trapezoid_layered, serial_ice_h, nicolae_vaults_theta,
          v_misc_30, layout_vaults_maze_bifur
Depths:1: layout_gridlike, grunt_hell_entry_dis_mu, abyss_entry,
          lemuel_statue_altar, reono_crystal_passage, grunt_qazlal_sundering,
          serial_bayou_shore_a, uniq_enchantress
Depths:2: minmay_octagon_city, layout_honeycomb, hangedman_abyss_entry_splay,
          minmay_staircase_bubble, grunt_hell_horde, rand_demon_pan_entry_9,
          grunt_ministairs_13
Depths:3: minmay_connected_triangles_in_corner, layout_long_grid,
          enter_ziggurat_d, hell_entry, nicolae_ru_sacrificial_ziggurat,
          abyss_entry, evilmike_spriggan_trog_shrine, serial_bayou_shore_b,
          infiniplex_staircase_pool_2, serial_bayou_shore_b, uniq_jory
Depths:4: grunt_zot_entry_tricorne, layout_gridlike, grunt_decor_clamped,
          hell_entry, marbit_kobold_abyss_entry
Zot:1:    kennysheep_blocky_hall, layout_onion_interference,
          gammafunk_ghost_berserking_beasts, uniq_parghit
Zot:2:    layout_twisted_circle
Zot:3:    layout_cathedral_of_symmetry, zot_minivault_1
Zot:4:    layout_misc_corridors
Zot:5:    layout_gridlike, gammafunk_ghost_grave, hangedman_zot_decor_slant,
          nicolae_lava_and_water

Notes
Turn   | Place    | Note
-------+----------+-------------------------------------------
     0 | D:5      | MackTheKnife the Minotaur Delver began the quest for the
                  | Orb.
     0 | D:5      | Reached XP level 1. HP: 19/19 MP: 0/0
     0 | D:5      | magus.rc [v1.9.6]
    36 | D:4      | Reached skill level 4 in Fighting
    36 | D:4      | Reached skill level 3 in Axes
    36 | D:4      | Reached XP level 2. HP: 24/27 MP: 1/1
    90 | D:4      | You pick up a book of Air and begin reading...
    90 | D:4      | You add the spells Shock, Swiftness and Airstrike to your
                  | library.
   159 | D:4      | Noticed Dowan
   171 | D:4      | Noticed a phantom
   268 | D:3      | Found an ornate altar of the Wu Jian Council.
   284 | D:3      | Reached XP level 3. HP: 33/34 MP: 2/2
   399 | D:3      | Reached skill level 4 in Axes
   403 | D:3      | HP: 7/35 [orc/+0 whip (4)]
   707 | D:3      | Reached XP level 4. HP: 27/41 MP: 3/3
   712 | D:3      | Reached skill level 5 in Fighting
   919 | D:2      | Noticed Natasha
  1342 | D:1      | You pick up a book of the Hunter and begin reading...
  1342 | D:1      | You add the spells Call Canine Familiar, Portal Projectile
                  | and Leda's Liquefaction to your library.
  1463 | D:1      | Found a faded altar of an unknown god.
  1515 | D:1      | Prayed at the altar of an unknown god.
  1515 | D:1      | Became a worshipper of Jiyva Jiloxypp the Shapeless
  1515 | D:1      | Reached * piety under Jiyva
  1542 | D:1      | Noticed a komodo dragon
  1542 | D:1      | Noticed a black bear
  1542 | D:1      | Noticed a wyvern
  1542 | D:1      | Noticed a redback
  1543 | D:1      | Noticed a wolf
  1930 | D:2      | Killed Natasha
  1931 | D:2      | Reached XP level 5. HP: 46/48 MP: 4/4
  1958 | D:2      | Reached ** piety under Jiyva
  1989 | D:2      | Killed Natasha
  2045 | D:2      | Noticed Natasha
  2053 | D:2      | Killed Natasha
  2054 | D:2      | Reached skill level 5 in Axes
  2529 | D:3      | Found a blossoming altar of Fedhas.
  2686 | D:4      | Reached skill level 6 in Fighting
  2784 | D:4      | Killed a phantom
  2785 | D:4      | Reached XP level 6. HP: 58/58 MP: 5/5
  2786 | D:4      | Reached *** piety under Jiyva
  2810 | D:4      | Gained mutation: You are partially covered in iridescent
                  | scales. (AC +2) [Jiyva's grace]
  2810 | D:4      | Gained mutation: You are mostly covered in iridescent
                  | scales. (AC +4) [Jiyva's grace]
  2810 | D:4      | Gained mutation: You are completely covered in iridescent
                  | scales. (AC +6) [Jiyva's grace]
  2810 | D:4      | Gained mutation: You possess an exceptional clarity of
                  | mind. [Jiyva's grace]
  2892 | D:4      | Noticed Duvessa
  2912 | D:4      | Killed Dowan
  2913 | D:4      | Killed Duvessa
  2914 | D:4      | Reached skill level 6 in Axes
  3004 | D:4      | Noticed a water moccasin
  3017 | D:4      | Killed a water moccasin
  3018 | D:4      | Reached skill level 7 in Fighting
  3018 | D:4      | Reached XP level 7. HP: 41/66 MP: 6/6
  3127 | D:5      | Reached skill level 1 in Armour
  3187 | D:5      | Reached skill level 7 in Axes
  3187 | D:5      | Reached skill level 2 in Armour
  3238 | D:5      | Reached skill level 8 in Fighting
  3238 | D:5      | Reached skill level 3 in Armour
  3341 | D:5      | Reached XP level 8. HP: 74/75 MP: 7/7
  3387 | D:5      | Reached skill level 8 in Axes
  3387 | D:5      | Reached skill level 4 in Armour
  3499 | D:5      | Reached **** piety under Jiyva
  3732 | D:6      | Found a staircase to the Ecumenical Temple.
  3733 | D:6      | Identified the +7 whip of Qoevif {heavy, rC- Will+ Str+3}
  3786 | Temple   | Entered the Ecumenical Temple
  3811 | D:6      | Reached skill level 9 in Fighting
  3873 | D:6      | Found a basalt altar of Yredelemnul.
  3874 | D:6      | Found an ancient bone altar of Kikubaaqudgha.
  3874 | D:6      | Found a sacrificial altar of Ru.
  3875 | D:6      | Found a burning altar of Makhleb.
  3875 | D:6      | Found a white marble altar of Elyvilon.
  3877 | D:6      | Found an iron altar of Okawaru.
  3878 | D:6      | Found a glowing golden altar of the Shining One.
  3897 | D:6      | Reached skill level 5 in Armour
  4140 | D:7      | Found Pudastig's Assorted Antiques.
  4147 | D:7      | Reached skill level 2 in Maces & Flails
  4148 | D:7      | Reached skill level 3 in Maces & Flails
  4160 | D:7      | Bought a scroll labelled JEBBYT BETO for 27 gold pieces
  4160 | D:7      | Bought an amethyst potion for 24 gold pieces
  4160 | D:7      | Bought a scroll labelled DIFOSU FIRGHOFI for 27 gold pieces
  4160 | D:7      | Bought a red potion for 24 gold pieces
  4250 | D:7      | Reached skill level 4 in Maces & Flails
  4250 | D:7      | Noticed a white ugly thing
  4255 | D:7      | Noticed a boulder beetle
  4261 | D:7      | Slimified a white ugly thing
  4261 | D:7      | a white ugly thing changed into a slime creature
  4261 | D:7      | Noticed a slime creature
  4285 | D:7      | Slimified a boulder beetle
  4285 | D:7      | a boulder beetle changed into an acid blob
  4285 | D:7      | Noticed an acid blob
  4318 | D:7      | Killed an unseen horror
  4319 | D:7      | Reached skill level 6 in Maces & Flails
  4319 | D:7      | Reached XP level 9. HP: 49/83 MP: 8/8
  4405 | D:7      | Found Eckobbeg's Assorted Antiques.
  4408 | D:7      | Bought a scroll labelled MUNOPIRCHOD for 32 gold pieces
  4408 | D:7      | Bought a scroll labelled DIFOSU FIRGHOFI for 32 gold pieces
  4539 | D:7      | Reached skill level 7 in Maces & Flails
  4593 | D:7      | Noticed Menkaure
  4597 | D:7      | Killed Menkaure
  4598 | D:7      | Reached skill level 8 in Maces & Flails
  4619 | D:7      | Found Ythidoen's Weapon Shoppe.
  4644 | D:7      | Lost mutation: You are completely covered in iridescent
                  | scales. (AC +6) [Jiyva's grace]
  4644 | D:7      | Gained mutation: Your muscles are strong. (Str +4, Int/Dex
                  | -1) [Jiyva's grace]
  4644 | D:7      | Gained mutation: Your muscles are very strong. (Str +8,
                  | Int/Dex -2) [Jiyva's grace]
  4644 | D:7      | Gained mutation: Your flesh is cold resistant. (rC+)
                  | [Jiyva's grace]
  4644 | D:7      | Gained mutation: Your flesh is very cold resistant. (rC++)
                  | [Jiyva's grace]
  4665 | D:7      | Found Cytul's Assorted Antiques.
  4804 | D:7      | Reached skill level 9 in Maces & Flails
  4851 | D:7      | Found Pinufret's Antique Armour Emporium.
  5117 | D:8      | Found a sand-covered staircase.
  5129 | Ossuary  | Entered an ossuary
  5172 | Ossuary  | Reached skill level 10 in Maces & Flails
  5308 | Ossuary  | Reached skill level 11 in Maces & Flails
  5439 | D:8      | Reached XP level 10. HP: 91/91 MP: 9/9
  5520 | D:8      | Reached skill level 12 in Maces & Flails
  5798 | D:8      | Found a shadowy altar of Dithmenos.
  5828 | D:8      | Reached skill level 3 in Dodging
  5969 | D:8      | Reached ***** piety under Jiyva
  6142 | D:9      | Reached skill level 1 in Shields
  6157 | D:9      | Reached skill level 2 in Shields
  6160 | D:9      | Found a broken altar of Ashenzari.
  6161 | D:9      | Noticed a death yak
  6162 | D:9      | Noticed a death yak
  6182 | D:9      | Noticed a death yak
  6191 | D:9      | Slimified a death yak
  6191 | D:9      | a death yak changed into an acid blob
  6191 | D:9      | Noticed an acid blob
  6205 | D:9      | Killed a death yak
  6206 | D:9      | Reached skill level 5 in Shields
  6209 | D:9      | Killed a death yak
  6210 | D:9      | Reached skill level 6 in Shields
  6221 | D:9      | Found a staircase to the Lair.
  6313 | D:9      | Reached skill level 7 in Shields
  6380 | D:9      | Found a radiant altar of Vehumet.
  6401 | D:9      | Found a shimmering altar of Xom.
  6516 | D:9      | Found a bloodstained altar of Trog.
  6533 | D:9      | Found a sparkling altar of Nemelex Xobeh.
  6599 | D:9      | Reached skill level 8 in Shields
  6634 | D:9      | Found Rarram's Jewellery Emporium.
  6860 | D:10     | Entered Level 10 of the Dungeon
  6861 | D:10     | Found a flagged portal.
  6882 | D:10     | Reached skill level 9 in Shields
  6884 | D:10     | Identified the +2 hand axe "Koimurile" {flame, Int+3}
  6897 | Bailey   | Entered a bailey
  6926 | Bailey   | Reached XP level 11. HP: 97/97 MP: 10/10
  7055 | Bailey   | Reached skill level 10 in Shields
  7075 | Bailey   | Noticed an orc warlord
  7088 | Bailey   | Slimified an orc warlord
  7088 | Bailey   | an orc warlord changed into an acid blob
  7088 | Bailey   | Noticed an acid blob
  7123 | Bailey   | Identified the +3 sling "Exady" {heavy, rCorr}
  7129 | Bailey   | Acquired the +3 warlock's mirror {omnireflect}
  7129 | Bailey   | Found the +3 warlock's mirror {omnireflect}
  7329 | D:10     | Noticed a seven-headed hydra
  7336 | D:10     | Killed a seven-headed hydra
  7337 | D:10     | Reached skill level 6 in Armour
  7444 | D:10     | Found Xoar's Weapon Shop.
  7450 | D:10     | Found Idghah's Antique Weapon Boutique.
  7461 | D:10     | Noticed a two-headed ogre
  7468 | D:10     | Killed a two-headed ogre
  7469 | D:10     | Reached skill level 10 in Fighting
  7469 | D:10     | Reached skill level 7 in Armour
  7505 | D:10     | Found Vyrazog's Book Shop.
  7636 | D:10     | Found Joykesec's Armour Shop.
  7653 | D:10     | Noticed a two-headed ogre
  7657 | D:10     | Killed a two-headed ogre
  7692 | D:10     | Found a snail-covered altar of Cheibriados.
  7740 | D:10     | Lost mutation: You are mostly covered in iridescent scales.
                  | (AC +4) [Jiyva's grace]
  7740 | D:10     | Lost mutation: Your flesh is very cold resistant. (rC++)
                  | [Jiyva's grace]
  7740 | D:10     | Gained mutation: You are covered in slimy tendrils that may
                  | disarm your opponents. [Jiyva's grace]
  7740 | D:10     | Gained mutation: You have large cloven feet. [Jiyva's
                  | grace]
  7740 | D:10     | Gained mutation: You have hoof-like feet. [Jiyva's grace]
  7740 | D:10     | Gained mutation: You have hooves in place of feet. [Jiyva's
                  | grace]
  7774 | D:10     | Found Biushygoss's Antique Weapon Shop.
  7780 | D:10     | Bought a translucent war axe for 263 gold pieces
  7780 | D:10     | Identified the +8 war axe of Qedd {antimagic, Dex+2} (You
                  | bought it in a shop on level 10 of the Dungeon)
  7939 | Lair:1   | Entered Level 1 of the Lair of Beasts
  8108 | Lair:1   | Reached skill level 11 in Fighting
  8109 | Lair:1   | Reached skill level 9 in Axes
  8272 | Lair:1   | Reached skill level 10 in Axes
  8444 | Lair:1   | Reached skill level 12 in Fighting
  8714 | Lair:2   | Reached XP level 12. HP: 105/112 MP: 3/11
  8750 | Lair:2   | Found a hole to the Spider Nest.
  8912 | Lair:2   | Noticed a death yak
  8912 | Lair:2   | Noticed a death yak
  8927 | Lair:2   | Noticed a death yak
  8930 | Lair:2   | Killed a death yak
  8931 | Lair:2   | Reached skill level 4 in Dodging
  8937 | Lair:2   | Killed a death yak
  8938 | Lair:2   | Reached skill level 11 in Axes
  8940 | Lair:2   | Killed a death yak
  8941 | Lair:2   | Reached skill level 5 in Dodging
  8956 | Lair:2   | Found a staircase to the Shoals.
  8991 | Lair:2   | You pick up a book of Weapons and begin reading...
  8991 | Lair:2   | You add the spells Tukima's Dance and Blade Hands to your
                  | library.
  9258 | Lair:2   | Reached skill level 6 in Dodging
  9549 | Lair:3   | You add the spells Ozocubu's Armour and Ozocubu's
                  | Refrigeration to your library.
  9560 | Lair:3   | Reached skill level 12 in Axes
  9581 | Lair:3   | Identified the +10 war axe of Jotucs {vamp, Str+3 Int+4}
  9774 | Lair:3   | Lost mutation: You have hooves in place of feet. [Jiyva's
                  | grace]
  9774 | Lair:3   | Lost mutation: You have hoof-like feet. [Jiyva's grace]
  9774 | Lair:3   | Lost mutation: Your flesh is cold resistant. (rC+) [Jiyva's
                  | grace]
  9774 | Lair:3   | Gained mutation: You expend magic power (3 MP) to
                  | strengthen your wands. [Jiyva's grace]
  9774 | Lair:3   | Gained mutation: Your body has grown eyes which may confuse
                  | attackers. (Acc +3) [Jiyva's grace]
  9774 | Lair:3   | Gained mutation: Your body has grown many eyes which may
                  | confuse attackers. (Acc +5) [Jiyva's grace]
  9774 | Lair:3   | Gained mutation: Your body is covered in eyes which may
                  | confuse attackers. (Acc +7, SInv) [Jiyva's grace]
  9783 | Lair:3   | Reached skill level 7 in Dodging
 10098 | Lair:4   | Reached ****** piety under Jiyva
 10123 | Lair:4   | Reached skill level 13 in Axes
 10123 | Lair:4   | Reached skill level 8 in Dodging
 10130 | Lair:4   | Found a transporter.
 10132 | Lair:4   | Found a transporter.
 10133 | Lair:4   | Noticed a boulder beetle
 10133 | Lair:4   | Noticed a boulder beetle
 10134 | Lair:4   | You fall into a shaft and drop 1 floor!
 10134 | Lair:5   | Entered Level 5 of the Lair of Beasts
 10134 | Lair:5   | Noticed a boulder beetle
 10385 | Lair:4   | Reached XP level 13. HP: 112/118 MP: 12/12
 10640 | Lair:4   | Found a sparkling altar of Nemelex Xobeh.
 10667 | Lair:5   | Found a hide-covered altar of Uskayaw.
 10689 | Lair:5   | Reached skill level 8 in Armour
 10713 | Lair:5   | Reached skill level 14 in Axes
 10797 | Lair:5   | Reached skill level 9 in Armour
 10910 | Lair:5   | Found a viscous altar of Jiyva.
 10910 | Lair:5   | Found a staircase to the Slime Pits.
 10966 | Slime:1  | Entered Level 1 of the Pits of Slime
 11019 | Slime:1  | Noticed a quicksilver ooze
 11120 | Slime:1  | Noticed a rockslime
 11131 | Slime:2  | Noticed a quicksilver ooze
 11138 | Slime:3  | Noticed a rockslime
 11146 | Slime:4  | Noticed an azure jelly
 11151 | Slime:5  | Entered Level 5 of the Pits of Slime
 11156 | Slime:5  | Noticed an acid blob
 11161 | Slime:5  | Noticed a quicksilver ooze
 11167 | Slime:5  | Noticed an acid blob
 11169 | Slime:5  | Found a viscous altar of Jiyva.
 11169 | Slime:5  | Noticed a quicksilver ooze
 11169 | Slime:5  | Found the +5 scythe "Finisher" {speed, execute}
 11169 | Slime:5  | Noticed an acid blob
 11170 | Slime:5  | Noticed the Royal Jelly
 11170 | Slime:5  | Found the ring of the Tortoise {AC+8}
 11171 | Slime:5  | Noticed an acid blob
 11173 | Slime:5  | Identified the +4 mace "Uno Qeziuff" {flame, *Slow rC+++
                  | Int-4 Dex+7}
 11175 | Slime:5  | Noticed an acid blob
 11177 | Slime:5  | Identified the ring of Esufymat {rF+++ rC- EV+5 Int+3
                  | Dex-2}
 11179 | Slime:5  | Noticed a formless jellyfish
 11179 | Slime:5  | Noticed an acid blob
 11182 | Slime:5  | Noticed an acid blob
 11195 | Slime:5  | Got a slimy rune of Zot
 11198 | Slime:5  | Noticed a quicksilver ooze
 11205 | Slime:5  | You add the spells Sublimation of Blood, Spider Form,
                  | Alistair's Intoxication and Death's Door to your library.
 11205 | Slime:5  | Got the Compilation of the Twisted Shift
 11207 | Slime:5  | Identified the ring of Knowledge {rC+ Str+3 Int-5 Dex+6}
 11212 | Slime:5  | Identified the +7 chain mail "Tops" {rPois rF+ Str+4}
 11225 | Slime:5  | Identified the staff of fire "Cuagonl Weas" {*Slow rPois
                  | rF+ MP+9}
 11267 | Slime:4  | Noticed a quicksilver ooze
 11340 | Lair:5   | Reached skill level 10 in Armour
 11403 | Lair:5   | Reached skill level 11 in Shields
 11432 | Lair:5   | Identified the +10 quarterstaff "Voekhl Rokhu" {heavy,
                  | *Rage rElec rF- rN+ Dex+4}
 11441 | Lair:5   | Reached skill level 11 in Armour
 11465 | Lair:5   | Found a corrupted altar of Lugonu.
 11465 | Lair:5   | Found a one-way gate to the infinite horrors of the Abyss.
 11614 | Lair:5   | You pick up a book of Debilitation and begin reading...
 11614 | Lair:5   | You add the spells Slow, Vampiric Draining and Confusing
                  | Touch to your library.
 12000 | D:11     | Lost mutation: You possess an exceptional clarity of mind.
                  | [Jiyva's grace]
 12000 | D:11     | Lost mutation: You are covered in slimy tendrils that may
                  | disarm your opponents. [Jiyva's grace]
 12000 | D:11     | Lost mutation: You expend magic power (3 MP) to strengthen
                  | your wands. [Jiyva's grace]
 12000 | D:11     | Gained mutation: You have acidic saliva. [Jiyva's grace]
 12000 | D:11     | Gained mutation: You are covered in slimy tendrils that may
                  | disarm your opponents. [Jiyva's grace]
 12000 | D:11     | Gained mutation: Your translucent skin slightly reduces
                  | your foes' accuracy. (Stealth+) [Jiyva's grace]
 12000 | D:11     | Gained mutation: Your translucent skin reduces your foes'
                  | accuracy. (Stealth+) [Jiyva's grace]
 12029 | D:11     | Acquired 710 gold pieces
 12035 | D:11     | Reached skill level 12 in Shields
 12101 | D:11     | Found a staircase to the Orcish Mines.
 12431 | Orc:1    | Entered Level 1 of the Orcish Mines
 12450 | Orc:1    | Noticed Erica
 12455 | Orc:1    | Killed Erica
 12456 | Orc:1    | Reached skill level 12 in Armour
 12456 | Orc:1    | Reached XP level 14. HP: 126/126 MP: 13/13
 12502 | Orc:2    | Entered Level 2 of the Orcish Mines
 12502 | Orc:2    | Found a staircase to the Elven Halls.
 12710 | Orc:2    | Reached skill level 13 in Shields
 12710 | Orc:2    | Found Ziypnaxtus's Distillery.
 12722 | Orc:2    | Found Doypur's Distillery.
 12732 | Orc:2    | Reached skill level 13 in Fighting
 12733 | Orc:2    | Reached skill level 13 in Armour
 12750 | Orc:2    | Bought a potion of heal wounds for 80 gold pieces
 12752 | Orc:2    | Found Waotaeta's Jewellery Emporium.
 12753 | Orc:2    | Found Kigimas's Distillery.
 12766 | Orc:2    | Bought the amulet "Riabiahie" {Acrobat rElec rPois} for 578
                  | gold pieces
 13242 | D:7      | Bought a pair of runed boots for 180 gold pieces
 13530 | D:12     | Lost mutation: You have acidic saliva. [Jiyva's grace]
 13530 | D:12     | Gained mutation: You are robust. (+10% HP) [Jiyva's grace]
 13530 | D:12     | Gained mutation: You are very robust. (+20% HP) [Jiyva's
                  | grace]
 13530 | D:12     | Gained mutation: You are extremely robust. (+30% HP)
                  | [Jiyva's grace]
 13530 | D:12     | Gained mutation: You are somewhat resistant to further
                  | mutation. [Jiyva's grace]
 13592 | D:12     | You pick up a book of Misfortune and begin reading...
 13592 | D:12     | You add the spells Inner Flame, Yara's Violent Unravelling
                  | and Enfeeble to your library.
 13999 | D:12     | Found a portal to a secret trove of treasure.
 14003 | D:12     | This trove needs 7 potions of haste to function. Give it
                  | the items?
 14490 | D:13     | Found Sena's Pet Rocks.
 14506 | D:13     | Noticed Kirke
 14523 | D:13     | Killed Kirke
 14591 | D:13     | Reached skill level 14 in Shields
 14638 | D:13     | Noticed Maurice
 14644 | D:13     | Killed Maurice
 14687 | D:13     | Reached skill level 14 in Fighting
 14692 | D:13     | Reached skill level 14 in Armour
 14699 | D:13     | Found a gate to the Vaults.
 14736 | D:13     | Lost mutation: You are partially covered in iridescent
                  | scales. (AC +2) [Jiyva's grace]
 14736 | D:13     | Lost mutation: You are somewhat resistant to further
                  | mutation. [Jiyva's grace]
 14736 | D:13     | Lost mutation: You are extremely robust. (+30% HP) [Jiyva's
                  | grace]
 14736 | D:13     | Lost mutation: Your translucent skin reduces your foes'
                  | accuracy. (Stealth+) [Jiyva's grace]
 14736 | D:13     | Lost mutation: You are covered in slimy tendrils that may
                  | disarm your opponents. [Jiyva's grace]
 14736 | D:13     | Gained mutation: Your flesh is cold resistant. (rC+)
                  | [Jiyva's grace]
 14736 | D:13     | Gained mutation: Your flesh is very cold resistant. (rC++)
                  | [Jiyva's grace]
 14736 | D:13     | Gained mutation: Your flesh is almost immune to the effects
                  | of cold. (rC+++) [Jiyva's grace]
 14736 | D:13     | Gained mutation: You have hidden genetic potential.
                  | [Jiyva's grace]
 15062 | D:14     | Found a transporter.
 15110 | D:14     | Found a transporter.
 15110 | D:14     | Found the dreamshard necklace {Acrobat *Dream}
 15178 | D:14     | Reached XP level 15. HP: 166/166 MP: 14/14
 15298 | D:14     | Found a stormy altar of Qazlal.
 15496 | D:14     | Reached skill level 15 in Axes
 15622 | D:15     | Entered Level 15 of the Dungeon
 15745 | D:15     | Reached skill level 15 in Fighting
 15956 | D:15     | You pick up a book of Fire and begin reading...
 15956 | D:15     | You add the spells Foxfire, Fireball, Plasma Beam and
                  | Starburst to your library.
 15991 | D:15     | Lost mutation: You have large cloven feet. [Jiyva's grace]
 15991 | D:15     | Lost mutation: Your flesh is almost immune to the effects
                  | of cold. (rC+++) [Jiyva's grace]
 15991 | D:15     | Lost mutation: Your body is covered in eyes which may
                  | confuse attackers. (Acc +7, SInv) [Jiyva's grace]
 15991 | D:15     | Gained mutation: You have a pair of large horns on your
                  | head. [Jiyva's grace]
 15991 | D:15     | Gained mutation: You are extremely robust. (+30% HP)
                  | [Jiyva's grace]
 15991 | D:15     | Gained mutation: You expend magic power (3 MP) to
                  | strengthen your wands. [Jiyva's grace]
 15991 | D:15     | Gained mutation: Your spells are a little harder to cast,
                  | but a little more powerful. [Jiyva's grace]
 16180 | D:15     | Identified the +1 robe of the Armadillo {Str+3}
 16203 | D:15     | Found a staircase to the Depths.
 16611 | Spider:1 | Entered Level 1 of the Spider Nest
 16647 | Spider:1 | Reached skill level 16 in Axes
 16865 | Spider:1 | Reached skill level 16 in Fighting
 17361 | Spider:2 | Noticed Agnes
 17372 | Spider:2 | Killed Agnes
 17389 | Spider:2 | Gained mutation: Your flesh is almost immune to the effects
                  | of cold. (rC+++) [hidden potential]
 17789 | Spider:2 | Noticed an emperor scorpion
 17791 | Spider:2 | Reached skill level 17 in Axes
 17800 | Spider:2 | Killed an emperor scorpion
 17887 | Spider:2 | Lost mutation: You have a pair of large horns on your head.
                  | [Jiyva's grace]
 17887 | Spider:2 | Lost mutation: Your muscles are very strong. (Str +8,
                  | Int/Dex -2) [Jiyva's grace]
 17887 | Spider:2 | Lost mutation: Your translucent skin slightly reduces your
                  | foes' accuracy. (Stealth+) [Jiyva's grace]
 17887 | Spider:2 | Gained mutation: You possess an exceptional clarity of
                  | mind. [Jiyva's grace]
 17887 | Spider:2 | Gained mutation: You are strong-willed. (Will+) [Jiyva's
                  | grace]
 17887 | Spider:2 | Gained mutation: You are highly strong-willed. (Will++)
                  | [Jiyva's grace]
 17887 | Spider:2 | Gained mutation: You are extremely strong-willed. (Will+++)
                  | [Jiyva's grace]
 18004 | Spider:2 | Reached skill level 17 in Fighting
 18030 | Spider:2 | Reached XP level 16. HP: 201/201 MP: 15/15
 18597 | Spider:3 | Reached skill level 18 in Axes
 18609 | Spider:3 | Reached skill level 18 in Fighting
 18644 | Spider:3 | Found a frozen archway.
 18650 | IceCv    | Entered an ice cave
 18749 | IceCv    | Identified the +4 ring mail "Mocail" {rPois rF+ Str-5}
 18792 | IceCv    | Reached skill level 15 in Shields
 18876 | IceCv    | Gained mutation: You are partially covered in large bone
                  | plates. (SH +4) [hidden potential]
 18876 | IceCv    | Lost mutation: You have hidden genetic potential. [hidden
                  | potential expressed]
 18900 | IceCv    | Reached skill level 15 in Armour
 19673 | Spider:3 | Reached skill level 16 in Shields
 19863 | Spider:3 | Reached skill level 16 in Armour
 19972 | Spider:3 | You pick up a book of the Hunter and begin reading...
 19974 | Spider:3 | You pick up a book of Dreams and begin reading...
 19974 | Spider:3 | You add the spells Ensorcelled Hibernation and Anguish to
                  | your library.
 20057 | Spider:4 | Entered Level 4 of the Spider Nest
 20088 | Spider:4 | Found a runed translucent door.
 20089 | Spider:4 | Found a shimmering altar of Xom.
 20089 | Spider:4 | Noticed KimchiStew's ghost (adept GrEE)
 20148 | Spider:4 | Killed KimchiStew's ghost
 20149 | Spider:4 | Reached XP level 17. HP: 211/211 MP: 16/16
 20223 | Spider:4 | Lost mutation: You are extremely strong-willed. (Will+++)
                  | [Jiyva's grace]
 20223 | Spider:4 | Lost mutation: Your spells are a little harder to cast, but
                  | a little more powerful. [Jiyva's grace]
 20223 | Spider:4 | Lost mutation: Your body has grown many eyes which may
                  | confuse attackers. (Acc +5) [Jiyva's grace]
 20223 | Spider:4 | Gained mutation: Your translucent skin slightly reduces
                  | your foes' accuracy. (Stealth+) [Jiyva's grace]
 20223 | Spider:4 | Gained mutation: Your translucent skin reduces your foes'
                  | accuracy. (Stealth+) [Jiyva's grace]
 20223 | Spider:4 | Gained mutation: Your transparent skin significantly
                  | reduces your foes' accuracy. (Stealth+) [Jiyva's grace]
 20223 | Spider:4 | Gained mutation: You have a small jelly attached to you
                  | that senses nearby items. [Jiyva's grace]
 20493 | Spider:4 | Reached skill level 17 in Shields
 20601 | Spider:4 | Reached skill level 17 in Armour
 20784 | Spider:4 | Identified the +2 ring mail "Tulatwal" {Str+6 Dex+3 Stlth-}
 20795 | Spider:4 | Identified the +5 rapier of Joyful Slaughter {speed, rF+}
 20925 | Spider:4 | Reached skill level 1 in Evocations
 21017 | Spider:4 | Reached skill level 2 in Evocations
 21070 | Spider:4 | Reached skill level 3 in Evocations
 21144 | Spider:4 | Reached skill level 4 in Evocations
 21168 | Spider:4 | Got a gossamer rune of Zot
 21195 | Spider:4 | Identified the +3 hat of the Big Bang {Int+6 SInv}
 21351 | Shoals:1 | Entered Level 1 of the Shoals
 21379 | Shoals:1 | Found Iguroh's Jewellery Emporium.
 21445 | Shoals:1 | Found Uschebez's Mayhem Merchandise.
 21447 | Shoals:1 | Found Lil Oluxilid's Antique Weapon Boutique.
 21454 | Shoals:1 | Reached skill level 5 in Evocations
 21722 | Shoals:1 | Paralysed by you for 5 turns
 21739 | Shoals:1 | Reached skill level 6 in Evocations
 21757 | Shoals:1 | Identified the ring of Muekhlia {rElec rCorr EV+5 Str+5
                  | Stlth-}
 21793 | Shoals:1 | Noticed a tentacled monstrosity
 21802 | Shoals:1 | Killed a tentacled monstrosity
 21806 | Shoals:1 | You add the spells Malign Gateway and Summon Horrible
                  | Things to your library.
 21806 | Shoals:1 | Got the Almanac of Mad Ravings
 21816 | Shoals:1 | Noticed a kraken
 21829 | Shoals:1 | Killed a kraken
 21998 | Shoals:1 | Identified the +1 robe of the Avant Garde God {Rampage rN+
                  | Int+2 Dex-4}
 22164 | Shoals:2 | Reached skill level 7 in Evocations
 22220 | Shoals:2 | Reached skill level 8 in Evocations
 22356 | Shoals:2 | Reached XP level 18. HP: 214/223 MP: 17/17
 22368 | Shoals:2 | Lost mutation: You possess an exceptional clarity of mind.
                  | [Jiyva's grace]
 22368 | Shoals:2 | Lost mutation: Your muscles are strong. (Str +4, Int/Dex
                  | -1) [Jiyva's grace]
 22368 | Shoals:2 | Lost mutation: You expend magic power (3 MP) to strengthen
                  | your wands. [Jiyva's grace]
 22368 | Shoals:2 | Gained mutation: You have acidic saliva. [Jiyva's grace]
 22368 | Shoals:2 | Gained mutation: You expend magic power (3 MP) to
                  | strengthen your wands. [Jiyva's grace]
 22368 | Shoals:2 | Gained mutation: Your muscles are strong. (Str +4, Int/Dex
                  | -1) [Jiyva's grace]
 22368 | Shoals:2 | Gained mutation: Your muscles are very strong. (Str +8,
                  | Int/Dex -2) [Jiyva's grace]
 22376 | Shoals:2 | Reached skill level 9 in Evocations
 22943 | Shoals:2 | Reached skill level 10 in Evocations
 23341 | Shoals:3 | Reached skill level 11 in Evocations
 23585 | Shoals:3 | Found Cipaot's Magic Scroll Shop.
 23612 | Shoals:3 | Bought a scroll of identify for 30 gold pieces
 23612 | Shoals:3 | Bought a scroll of identify for 30 gold pieces
 23626 | Shoals:3 | Found Xuifuega's Weapon Boutique.
 23763 | Shoals:3 | Reached skill level 12 in Evocations
 23781 | Shoals:4 | Entered Level 4 of the Shoals
 23997 | Shoals:4 | Reached skill level 13 in Evocations
 24002 | Shoals:4 | Found Otapot's Distillery.
 24004 | Shoals:4 | Got a barnacled rune of Zot
 24021 | Shoals:4 | Noticed Polyphemus
 24121 | Shoals:4 | You add the spells Sting, Dazzling Flash, Metabolic
                  | Englaciation and Necromutation to your library.
 24121 | Shoals:4 | Got the Incunable of Unfortunate Shaping
 24493 | Vaults:1 | Entered Level 1 of the Vaults
 24629 | Vaults:1 | Noticed Aizul
 24640 | Vaults:1 | Killed Aizul
 24659 | Vaults:1 | Reached skill level 9 in Dodging
 24673 | Vaults:1 | Reached XP level 19. HP: 231/232 MP: 18/18
 24764 | Vaults:1 | Lost mutation: Your muscles are very strong. (Str +8,
                  | Int/Dex -2) [Jiyva's grace]
 24764 | Vaults:1 | Lost mutation: You have acidic saliva. [Jiyva's grace]
 24764 | Vaults:1 | Lost mutation: Your transparent skin significantly reduces
                  | your foes' accuracy. (Stealth+) [Jiyva's grace]
 24764 | Vaults:1 | Lost mutation: Your translucent skin reduces your foes'
                  | accuracy. (Stealth+) [Jiyva's grace]
 24764 | Vaults:1 | Lost mutation: You expend magic power (3 MP) to strengthen
                  | your wands. [Jiyva's grace]
 24764 | Vaults:1 | Gained mutation: You have acidic saliva. [Jiyva's grace]
 24764 | Vaults:1 | Gained mutation: Your translucent skin reduces your foes'
                  | accuracy. (Stealth+) [Jiyva's grace]
 24764 | Vaults:1 | Gained mutation: Your transparent skin significantly
                  | reduces your foes' accuracy. (Stealth+) [Jiyva's grace]
 24764 | Vaults:1 | Gained mutation: Your body has grown many eyes which may
                  | confuse attackers. (Acc +5) [Jiyva's grace]
 24921 | Vaults:2 | You pick up a book of Fire and begin reading...
 25232 | Vaults:2 | Reached skill level 18 in Shields
 25382 | Depths:1 | Entered Level 1 of the Depths
 25416 | Depths:1 | Reached skill level 10 in Dodging
 25448 | Depths:1 | Found a stormy altar of Qazlal.
 25556 | Depths:2 | Reached skill level 18 in Armour
 25569 | Depths:2 | You pick up a book of Death and begin reading...
 25569 | Depths:2 | You add the spells Animate Dead, Haunt and Infestation to
                  | your library.
 25817 | Depths:4 | Entered Level 4 of the Depths
 25879 | Depths:4 | Reached skill level 19 in Fighting
 25914 | Depths:4 | Found a gate to the Realm of Zot.
 25938 | Depths:4 | +0 storm dragon scales {rare}; a storm dragon corpse
 25958 | Zot:1    | Entered Level 1 of the Realm of Zot
 25978 | Zot:1    | Noticed an electric golem
 25996 | Zot:1    | Killed an electric golem
 26032 | Zot:1    | Reached skill level 11 in Dodging
 26228 | Zot:5    | Entered Level 5 of the Realm of Zot
 26313 | Zot:5    | Found a runed translucent door.
 26313 | Zot:5    | Noticed toffzen's ghost (veteran MiBe)
 26423 | Zot:5    | You pick up a book of the Sky and begin reading...
 26423 | Zot:5    | You add the spells Summon Lightning Spire, Storm Form and
                  | Maxwell's Capacitive Coupling to your library.
 26503 | Zot:5    | Reached XP level 20. HP: 248/248 MP: 19/19
 26518 | Zot:5    | Reached skill level 19 in Shields
 26579 | Zot:5    | Noticed a Killer Klown
 26588 | Zot:5    | Reached skill level 19 in Armour
 26591 | Zot:5    | Noticed an orb of fire
 26594 | Zot:5    | Noticed an electric golem
 26598 | Zot:5    | Killed a Killer Klown
 26604 | Zot:5    | Gained mutation: You occasionally lose the ability to read
                  | scrolls when taking damage. [an orb of fire]
 26608 | Zot:5    | Noticed a Killer Klown
 26610 | Zot:5    | Noticed a Killer Klown
 26616 | Zot:5    | Killed an orb of fire
 26625 | Zot:5    | Killed a Killer Klown
 26626 | Zot:5    | Reached skill level 12 in Dodging
 26635 | Zot:5    | Killed a Killer Klown
 26645 | Zot:5    | Killed an electric golem
 26646 | Zot:5    | Noticed an ancient lich
 26657 | Zot:5    | Killed an ancient lich
 26672 | Zot:5    | Reached skill level 20 in Fighting
 26677 | Zot:5    | Lost mutation: You are partially covered in large bone
                  | plates. (SH +4) [Jiyva's grace]
 26677 | Zot:5    | Lost mutation: Your flesh is almost immune to the effects
                  | of cold. (rC+++) [Jiyva's grace]
 26677 | Zot:5    | Lost mutation: Your muscles are strong. (Str +4, Int/Dex
                  | -1) [Jiyva's grace]
 26677 | Zot:5    | Lost mutation: You have acidic saliva. [Jiyva's grace]
 26677 | Zot:5    | Lost mutation: Your body has grown many eyes which may
                  | confuse attackers. (Acc +5) [Jiyva's grace]
 26677 | Zot:5    | Lost mutation: Your transparent skin significantly reduces
                  | your foes' accuracy. (Stealth+) [Jiyva's grace]
 26677 | Zot:5    | Gained mutation: Your flesh is almost immune to the effects
                  | of cold. (rC+++) [Jiyva's grace]
 26677 | Zot:5    | Gained mutation: Your mind is acute. (Int +4, Str/Dex -1)
                  | [Jiyva's grace]
 26677 | Zot:5    | Gained mutation: Your mind is very acute. (Int +8, Str/Dex
                  | -2) [Jiyva's grace]
 26677 | Zot:5    | Gained mutation: You have large cloven feet. [Jiyva's
                  | grace]
 26679 | Zot:5    | Noticed a Killer Klown
 26814 | Zot:5    | Killed a Killer Klown
 26861 | Zot:5    | Got the Orb of Zot
 26874 | Zot:5    | Noticed a Killer Klown
 26934 | Zot:5    | Killed a dread lich
 27150 | Depths:1 | Noticed Nozasoyg the pandemonium lord
 27166 | Depths:1 | Killed Nozasoyg the pandemonium lord
 27216 | D:14     | Noticed Hyfipisk the pandemonium lord
 27524 | D:$      | Escaped with the Orb!

Vanquished Creatures
  An orb of fire (Zot:5)
  An ancient lich (Zot:5)
  4 Killer Klowns (Zot:5)
  2 electric golems
  6 tentacled monstrosities
  23 Orb Guardians
  A quicksilver dragon (Zot:1)
  A death cob (Zot:5)
  The ghost of KimchiStew the Devastator, an adept GrEE of Sif Muna (Spider:4)
  2 krakens
  Agnes (Spider:2)
  A shadow dragon (Depths:3)
  Kirke (D:13)
  3 storm dragons
  4 frost giants
  2 draconian monks (Zot:4)
  2 fire giants
  3 draconian knights
  A deep elf sorcerer (Shoals:2)
  3 draconian scorchers
  Aizul (Vaults:1)
  3 vault wardens
  3 emperor scorpions
  8 ghost moths
  A juggernaut zombie (Depths:2)
  6 ironbound preservers
  A war gargoyle (Vaults:1)
  10 broodmothers
  A reaper (Depths:1)
  2 ironbound thunderhulks
  3 draconian annihilators
  A draconian shifter (Zot:5)
  3 stone giants
  2 vampire knights
  A green draconian (Zot:5)
  3 purple draconians
  6 spark wasps
  2 white draconians
  4 black draconians
  4 yellow draconians
  5 merfolk javelineers
  A crystal guardian (Vaults:1)
  18 merfolk impalers
  4 ettins
  2 fire dragons
  6 vault guards
  A spriggan zombie (Depths:2)
  3 yaktaur captains
  A peacekeeper (Vaults:1)
  6 entropy weavers
  4 hydras
  A rakshasa (Depths:2)
  7 ironbound frosthearts
  4 ice dragons
  2 ogre magi (Orc:2)
  A radroach (Spider:2)
  8 centaur warriors
  9 boulder beetles
  Erica (Orc:1)
  3 merfolk aquamancers (Shoals:4)
  A merfolk avatar (Shoals:3)
  11 two-headed ogres
  6 death yaks
  6 satyrs
  3 tengu warriors
  A dancing weapon (Spider:4)
  3 deep troll earth magi (Depths:3)
  2 deep elf knights (Shoals:2)
  A shock serpent (shapeshifter) (Lair:5)
  4 thrashing horrors (Lair:5)
  A titan zombie (Depths:2)
  A titan skeleton (Depths:2)
  A skyshark (Lair:4)
  8 pharaoh ants
  4 skeletal warriors (D:15)
  11 sea snakes
  11 orb spiders
  24 deep trolls
  2 sun moths (Spider:4)
  A flayed ghost (Depths:4)
  4 ironbound convokers
  4 deep elf archers (Shoals:2)
  A shadow dragon zombie (Depths:2)
  An orange crystal statue (IceCv)
  6 steelbarb worms
  3 wizards
  4 deep elf pyromancers
  3 lindwurms
  2 deep elf zephyrmancers (Shoals:2)
  8 harpies (Shoals:3)
  An orc sorcerer (Orc:2)
  22 wolf spiders
  3 necromancers
  11 cyclopes
  20 manticores
  A frost giant zombie (Depths:2)
  18 ugly things
  9 merfolk sirens
  3 elephants (Lair:5)
  2 vault sentinels (Vaults:2)
  9 demonic crawlers
  7 moths of wrath
  30 fauns
  A fire giant zombie (Depths:2)
  Maurice (D:13)
  2 apocalypse crabs (Shoals:1)
  6 water nymphs
  3 smoke demons (Lair:5)
  3 black mambas
  An unseen horror (D:7)
  8 cane toads
  A torpor snail (Spider:4)
  A gargoyle (D:14)
  2 kobold demonologists (D:13)
  A freezing wraith (D:14)
  5 komodo dragons
  3 ancient zymes (Lair:5)
  A tormentor (D:5)
  25 rime drakes
  6 yaktaurs (Vaults:1)
  14 trolls
  3 meliai (Spider:1)
  A red devil (D:4)
  16 polar bears
  30 merfolk
  A tengu simulacrum (Depths:2)
  A merfolk (shapeshifter) (Vaults:2)
  32 tarantellas
  2 wind drakes
  A raiju (shapeshifter) (D:15)
  A sphinx simulacrum (Depths:2)
  12 blink frogs
  14 dream sheep
  A jumping spider (shapeshifter) (D:15)
  6 snapping turtles
  27 jumping spiders
  2 spriggans (Lair:5)
  A vampire (D:12)
  A large abomination (Lair:5)
  A shadow (D:12)
  57 yaks
  2 water elementals
  2 ynoxinuls (Lair:5)
  17 culicivoras
  2 wraiths
  4 wyverns
  8 humans (D:13)
  9 basilisks
  6 hogs (D:13)
  8 vampire mosquitoes
  3 steam dragons
  49 redbacks
  Menkaure (D:7)
  2 wargs (Orc:2)
  An acid dragon (D:9)
  8 water moccasins
  Duvessa (D:4)
  3 hell hounds (Zot:5)
  2 sky beasts (D:7)
  3 ice beasts
  25 orc warriors
  3 black bears
  23 ogres
  4 boggarts
  7 centaurs
  A phantom (D:4)
  5 kobold brigands
  10 bullfrogs
  2 gnoll sergeants
  9 small abominations (Lair:5)
  An earth elemental (D:13)
  10 scorpions
  5 wights (D:8)
  Dowan (D:4)
  An oklob sapling (D:6)
  2 electric eels (D:8)
  3 howler monkeys (D:8)
  3 centaur zombies (Ossuary)
  4 hounds
  4 orc priests
  3 sleepcaps
  3 human zombies (Ossuary)
  3 hell rats (D:9)
  Natasha (twice) (D:2)
  4 iguanas
  19 orc wizards
  4 scorpion zombies (Ossuary)
  3 mummies (Ossuary)
  18 gnolls
  7 adders
  A river rat (D:9)
  An ufetubus (D:4)
  A dart slug (D:1)
  52 orcs
  6 ball pythons
  6 bats
  An endoplasm (D:1)
  2 giant cockroaches
  11 hobgoblins
  A jackal (D:2)
  22 kobolds
  4 quokkas
  4 frilled lizards
  9 goblins
  5 goblin zombies (Ossuary)
  5 hobgoblin zombies (Ossuary)
  A kobold zombie (Ossuary)
  2 orc zombies (Ossuary)
  8 rats
  3 tentacles
1248 creatures vanquished.

Vanquished Creatures (collateral kills)
  A pandemonium lord (Depths:1)
  A Tzitzimitl (Depths:1)
  2 boulder beetles (Lair:5)
4 creatures vanquished.

Vanquished Creatures (others)
  A dread lich (Zot:5)
  An ironbound thunderhulk (Vaults:2)
  3 formless jellyfish
  An entropy weaver (Spider:4)
  A great orb of eyes (Vaults:1)
  A vault guard (D:13)
  An ironbound frostheart (Vaults:1)
  A sea snake (Shoals:1)
  A glowing orange brain (Depths:2)
  A deep troll (Vaults:1)
  5 ironbound convokers
  A mana viper (shapeshifter) (Depths:2)
  A vault sentinel (Vaults:1)
  2 yaktaurs
  A meliai (Spider:4)
  A wind drake (Shoals:4)
  A jumping spider (Spider:2)
  33 slime creatures
  3 vampire mosquitoes (D:12)
  A water moccasin (D:7)
  2 floating eyes (Depths:2)
  An orc warrior (Orc:2)
  6 boggarts
  2 centaurs
  A phantom (D:5)
  A scorpion (D:7)
  119 jellies
  2 orc priests
  3 orc wizards
  Natasha (D:2)
  A gnoll (D:6)
  A river rat (D:9)
  An adder (D:2)
  A white imp (D:7)
  4 orcs
  2 bats
  A jackal (D:2)
  A ball python (D:1)
  A frilled lizard (D:1)
  A goblin (Bailey)
  3 rats
  12 tentacles
228 creatures vanquished.

Grand Total: 1480 creatures vanquished

Table legend:
 A = Non-vault XP
 B = Vault XP
 C = Vault XP percentage of total XP
 D = Non-vault monster count
 E = Vault monster count
 F = Vault count percentage of total count
                 A         B        C        D         E       F
            +---------+---------+-------+---------+---------+-------
      Total |  300745 |  245926 |  45.0 |     781 |     461 |  37.1
            +---------+---------+-------+---------+---------+-------
        D:1 |      39 |       1 |   2.5 |      19 |       1 |   5.0
        D:2 |      62 |      23 |  27.1 |      11 |       1 |   8.3
        D:3 |      89 |       0 |   0.0 |      14 |       0 |   0.0
        D:4 |     336 |     211 |  38.6 |      12 |       2 |  14.3
        D:5 |     951 |       0 |   0.0 |      11 |       0 |   0.0
        D:6 |     428 |      60 |  12.3 |      10 |       1 |   9.1
        D:7 |    1155 |     835 |  42.0 |      21 |       4 |  16.0
        D:8 |    1326 |     337 |  20.3 |      28 |       8 |  22.2
        D:9 |    1796 |    1778 |  49.7 |      20 |      11 |  35.5
       D:10 |    2361 |    1565 |  39.9 |      11 |       3 |  21.4
       D:11 |    2228 |     521 |  19.0 |      21 |       6 |  22.2
       D:12 |    2578 |       0 |   0.0 |      16 |       0 |   0.0
       D:13 |    6115 |    7420 |  54.8 |      15 |      21 |  58.3
       D:14 |   10399 |    1892 |  15.4 |      21 |       3 |  12.5
       D:15 |    7724 |    4403 |  36.3 |      16 |       6 |  27.3
     Lair:1 |    5539 |     196 |   3.4 |      24 |       1 |   4.0
     Lair:2 |    6092 |     362 |   5.6 |      18 |       2 |  10.0
     Lair:3 |    5420 |       0 |   0.0 |      22 |       0 |   0.0
     Lair:4 |    5085 |       0 |   0.0 |      20 |       0 |   0.0
     Lair:5 |   10746 |   11778 |  52.3 |      29 |      36 |  55.4
   Shoals:1 |    5782 |    8837 |  60.4 |      13 |       9 |  40.9
   Shoals:2 |   18110 |   16435 |  47.6 |      36 |      22 |  37.9
   Shoals:3 |   23648 |    3989 |  14.4 |      46 |       7 |  13.2
   Shoals:4 |    9679 |   16929 |  63.6 |      19 |      30 |  61.2
   Spider:1 |   11919 |       0 |   0.0 |      33 |       0 |   0.0
   Spider:2 |   19094 |    5296 |  21.7 |      49 |       8 |  14.0
   Spider:3 |   23377 |    4065 |  14.8 |      52 |       8 |  13.3
   Spider:4 |   19605 |   26218 |  57.2 |      36 |      47 |  56.6
      Orc:1 |     292 |     831 |  74.0 |       4 |       1 |  20.0
      Orc:2 |    3098 |   14788 |  82.7 |      30 |      37 |  55.2
   Vaults:1 |   14644 |    7919 |  35.1 |      22 |       9 |  29.0
   Vaults:2 |   17178 |    3906 |  18.5 |      22 |       6 |  21.4
   Depths:1 |    6008 |       0 |   0.0 |       6 |       0 |   0.0
   Depths:2 |    7833 |    5182 |  39.8 |      10 |       7 |  41.2
   Depths:3 |    9523 |       0 |   0.0 |       9 |       0 |   0.0
   Depths:4 |    2635 |    9213 |  77.8 |       3 |       9 |  75.0
      Zot:1 |   12779 |       0 |   0.0 |      10 |       0 |   0.0
      Zot:2 |    1780 |       0 |   0.0 |       1 |       0 |   0.0
      Zot:4 |    5958 |       0 |   0.0 |       5 |       0 |   0.0
      Zot:5 |   17334 |   63234 |  78.5 |      16 |      31 |  66.0
    Ossuary |       0 |    1124 | 100.0 |       0 |      34 | 100.0
     Bailey |       0 |    1431 | 100.0 |       0 |      37 | 100.0
      IceCv |       0 |   25147 | 100.0 |       0 |      53 | 100.0
            +---------+---------+-------+---------+---------+-------

Skill      XL: |  1  2  3  4  5  6  7  8  9 10 11 12 13 14 15 16 17 18 19 20 |
---------------+-------------------------------------------------------------+-----
Fighting       | 4 5 6 7 8 9 12 14 17 18 19 20 | 20.3
Axes           | 3 4 5 6 7 8 10 13 14 17 18 | 18.2
Armour         | 3 5 7 12 14 16 17 18 19 | 19.7
Maces & Flails | 6 11 12 | 12.2
Dodging        | 3 8 9 11 12 | 12.9
Shields        | 9 10 12 14 16 17 18 19 | 19.9
Evocations     | 8 13 | 13.8
Stealth        | |  4.1

Action                     |  1- 3 |  4- 6 |  7- 9 | 10-12 | 13-15 | 16-18 | 19-21 || total
---------------------------+-------+-------+-------+-------+-------+-------+-------++-------
  Melee: Hand axe          |    39 |   144 |    70 |       |       |       |       ||   253
         Headbutt          |     4 |    31 |    51 |    94 |   187 |   336 |   242 ||   945
         Punch             |       |     1 |     5 |     1 |       |       |       ||     7
         Whip              |       |       |   181 |   227 |     4 |       |    13 ||   425
         War axe           |       |       |       |   196 |   778 |  1275 |   684 ||  2933
         Kick              |       |       |       |    57 |   118 |       |       ||   175
         Bite              |       |       |       |       |    13 |    73 |    97 ||   183
 Invoke: Slimify           |       |       |     2 |     2 |     1 |       |       ||     5
         Oozemancy         |       |       |       |     1 |       |     2 |     2 ||     5
  Evoke: Wand              |       |       |       |     9 |     2 |       |     4 ||    15
    Use: Scroll            |       |       |     4 |     9 |     7 |     8 |     9 ||    37
         Potion            |       |       |       |       |       |     2 |    11 ||    13
   Stab: Sleeping          |     2 |     1 |       |       |     4 |     1 |       ||     8
         Confused          |       |       |       |     3 |    44 |    43 |    23 ||   113
         Distracted        |       |       |       |       |       |     2 |       ||     2
         Paralysed         |       |       |       |       |       |     1 |       ||     1
         Petrifying        |       |       |       |       |       |     1 |       ||     1
 Armour: Leather armour    |    12 |     7 |       |       |       |       |       ||    19
         Plate armour      |       |    79 |   153 |    80 |       |       |       ||   312
         Fire dragon scale |       |       |       |    31 |    28 |       |       ||    59
         Chain mail        |       |       |       |       |   216 |   391 |   172 ||   779
  Dodge: Dodged            |    28 |    42 |    97 |   108 |   282 |   604 |   321 ||  1482
  Block: Tower shield      |       |       |       |   196 |   667 |  1505 |   656 ||  3024

Illustrated notes

Table legend:
 A = Kills in this place as a percentage of kills in the entire game.
 B = Kills by you in this place as a percentage of kills by you in the entire game.
 C = Kills by friends in this place as a percentage of kills by friends in the entire game.
 D = Other kills in this place as a percentage of other kills in the entire game.
 E = Experience gained in this place as a percentage of experience gained in the entire game.
 F = Experience gained in this place divided by the number of levels of this place that you have seen.
                   A       B       C       D       E      F
               +-------+-------+-------+-------+-------+----------------------
         Total | 100.0 | 100.0 | 100.0 | 100.0 | 100.0 | 11156.6
       Dungeon |  25.2 |  25.8 |   0.0 |   6.2 |  10.6 | 3933.5
          Lair |  12.1 |  12.3 |  50.0 |   3.1 |   8.1 | 9043.6
        Shoals |  14.5 |  14.8 |   0.0 |   6.2 |  18.5 | 25852.2
   Spider Nest |  18.6 |  17.8 |   0.0 |  50.0 |  19.6 | 27393.5
  Orcish Mines |   5.8 |   5.4 |   0.0 |  18.8 |   3.4 | 9504.5
        Vaults |   4.7 |   4.8 |   0.0 |   3.1 |   7.8 | 21823.5
        Depths |   3.8 |   3.5 |  50.0 |   9.4 |   8.7 | 12188.0
           Zot |   5.3 |   5.3 |   0.0 |   3.1 |  18.2 | 20303.6
       Ossuary |   2.7 |   2.8 |   0.0 |   0.0 |   0.2 | 1124.0
        Bailey |   3.0 |   3.0 |   0.0 |   0.0 |   0.3 | 1431.0
      Ice Cave |   4.2 |   4.4 |   0.0 |   0.0 |   4.5 | 25147.0
               +-------+-------+-------+-------+-------+----------------------

Table legend: (Time is in decaauts)
 A = Elapsed time spent in this place.
 B = Non-inter-level travel time spent in this place.
 C = Inter-level travel time spent in this place.
 D = Time resting spent in this place.
 E = Time spent auto-exploring this place.
 F = Levels seen in this place.
 G = Mean time per level.
                   A        B        C        D        E       F      G
               +--------+--------+--------+--------+--------+-----+--------+
         Total |  26908 |  24546 |   2362 |    706 |  16672 |  50 |  538.2 |
       Dungeon |  11655 |  10366 |   1289 |    605 |   7702 |  15 |  777.0 |
        Temple |     17 |      9 |      8 |      0 |      5 |   1 |   17.0 |
          Lair |   3776 |   3458 |    318 |     52 |   2546 |   5 |  755.2 |
        Shoals |   2834 |   2705 |    129 |     40 |   1688 |   4 |  708.5 |
   Spider Nest |   3894 |   3614 |    280 |      9 |   2518 |   4 |  973.5 |
    Slime Pits |    326 |    263 |     63 |      0 |    155 |   5 |   65.2 |
  Orcish Mines |    660 |    627 |     33 |      0 |    481 |   2 |  330.0 |
        Vaults |    790 |    719 |     71 |      0 |    505 |   2 |  395.0 |
        Depths |    623 |    566 |     57 |      0 |    163 |   4 |  155.8 |
           Zot |   1014 |    904 |    110 |      0 |    230 |   5 |  202.8 |
       Ossuary |    275 |    275 |      0 |      0 |    119 |   1 |  275.0 |
        Bailey |    306 |    306 |      0 |      0 |     95 |   1 |  306.0 |
      Ice Cave |    731 |    731 |      0 |      0 |    464 |   1 |  731.0 |
               +--------+--------+--------+--------+--------+-----+--------+

Top non-repeatable levels by time:
Spider:2: 1173 daAuts
Spider:4: 1168 daAuts
     D:7: 1126 daAuts
     D:3: 974 daAuts
     D:1: 948 daAuts
  Lair:2: 933 daAuts
Shoals:2: 915 daAuts
     D:9: 880 daAuts
  Lair:1: 875 daAuts
    D:12: 875 daAuts
    D:13: 848 daAuts
  Lair:5: 843 daAuts
    D:10: 842 daAuts
    D:15: 828 daAuts
Spider:3: 790 daAuts
